 Dungeon Crawl Stone Soup version 0.31-b1-17-gcfd88c8481 (webtiles) character file.

Game seed: 3274408917606361687

75 Rhonda the Trooper (level 4, -4/4 HPs)
             Began as an Oni Fighter on Jan 15, 2024.
             Slain by a scorpion (7 damage)
             ... on level 3 of the Dungeon.
             The game lasted 00:03:46 (716 turns).

Rhonda the Trooper (Oni Fighter)                     Turns: 716, Time: 00:03:47

Health: -4/4       AC:  1    Str: 20    XL:     4   Next: 31%
Magic:  4/4        EV:  8    Int: 11    God:
Gold:   31         SH:  7    Dex:  8    Spells: 3/3 levels left

rFire   . . .        a - +0 war axe (vamp)
rCold   . . .        c - +0 kite shield
rNeg    . . .        b - melded +0 robe
rPois   .            (helmet restricted)
rElec   .            (no cloak)
rCorr   .            (gloves unavailable)
SInv    .            (boots unavailable)
Will    .....        (no amulet)
Stlth   +            (no ring)
HPRegen 0.20/turn    (no ring)
MPRegen 0.09/turn

%: no passive effects
@: lethally poisoned (-4 -> -6), maw-form
A: devouring maw, reduced hp, large, unfitting armour, horns 1, tough skin 1,
double potion healing, drunken brawling
a: Begin Untransformation


You were on level 3 of the Dungeon.
You were a creature with a mouth for a stomach.
You visited 1 branch of the dungeon, and saw 3 of its levels.

You collected 31 gold pieces.

Inventory:

Hand Weapons
 a - a +0 vampiric war axe (weapon)
Armour
 b - a +0 robe (melded)
 c - a +0 kite shield (worn)
Talismans
 g - a maw talisman (active)
Scrolls
 e - a scroll of teleportation
 h - 2 scrolls of brand weapon
 i - a scroll of revelation {unknown}
Potions
 d - a potion of might
 f - a potion of attraction {unknown}


   Skills:
 * Level 4.5 Fighting
 * Level 2.8 Axes
 * Level 0.6 Armour
 * Level 3.2 Dodging
 * Level 0.4 Stealth
 * Level 3.1 Shields


You had 3 spell levels left.
You didn't know any spells.
Your spell library was empty.

Dungeon Overview and Level Annotations

Branches:
Dungeon (3/15)

Altars:


Innate Abilities, Weirdness & Mutations

You are a creature with a mouth for a stomach.
Your midsection houses a second, enormous mouth.
Your maximum health is decreased, since you lack skill for your form.
You are too large for most types of armour.
You have a pair of small horns on your head.
You have tough skin. (AC +1)
You gain doubled healing and magic from potions.
Whenever you drink a healing potion, you attack all around you.


Message History

You enter the shallow water.
i - a scroll labelled EGEIMAO NOIF
Found an escape hatch in the ceiling.
A rat comes into view.
Found a hand axe.
There is a stone staircase leading down here.
The rat squeaks loudly.
You enter the shallow water.
The rat bites you but does no damage.
You barely miss the rat. You block the rat's attack.
You slash the rat!
You kill the rat!
You enter the shallow water.
You enter the shallow water.
A scorpion comes into view.
You see here a +0 hand axe.
The scorpion stings you.
You are poisoned.
The scorpion poisons you!
Sorry, you're not good enough to have a special ability.
Unknown command.
A scorpion is nearby!
You feel very sick. The scorpion stings you.
You begin transforming.
You continue transforming.
You feel sick. The scorpion barely misses you. The scorpion stings you.
You continue transforming.
You feel sick. You block the scorpion's attack.
You continue transforming.
You feel sick. The scorpion barely misses you.
You turn into a creature with a mouth for a stomach.
Your +0 robe melds into your body.
HP restored.
Unknown command.
Unknown command.
You closely miss the scorpion. Your bite misses the scorpion.
You feel sick.
The scorpion stings you but does no damage.
You block the scorpion's attack.
You closely miss the scorpion. Your bite misses the scorpion.
You feel sick. The scorpion stings you!
Ouch! That really hurt!
You die...

.. #. #.# #.#
##.## ####...# #≈#
#.s# #≈###.W#
#.###≈≈##..#
#.##.≈≈..).#
#.##~≈≈....#
#.##.≈~.~#.# #
#.#..~~~...# #.
#.#~.~~..~.#
.#.####.#.~~≈~~..#
........>..~~~~.##


You could see a scorpion.

Vanquished Creatures
  A scorpion zombie (D:2)
  An adder (D:2)
  2 adder zombies (D:2)
  An adder skeleton (D:2)
  A dart slug (D:2)
  2 bat zombies (D:2)
  A giant cockroach (D:1)
  3 goblins (D:1)
  A hobgoblin (D:1)
  2 kobolds
  A quokka (D:1)
  4 ball pythons
  A bat (D:1)
  2 frilled lizards (D:1)
  A jackal skeleton (D:2)
  A jackal zombie (D:2)
  3 quokka skeletons (D:2)
  A quokka zombie (D:2)
  4 rats
33 creatures vanquished.

Notes
Turn   | Place    | Note
-------+----------+-------------------------------------------
     0 | D:1      | Rhonda the Oni Fighter began the quest for the Orb.
     0 | D:1      | Reached XP level 1. HP: 24/24 MP: 1/1
   167 | D:1      | Reached XP level 2. HP: 27/32 MP: 2/2
   406 | D:2      | Reached XP level 3. HP: 39/40 MP: 3/3
   427 | D:2      | Reached XP level 4. HP: 23/49 MP: 4/4
   706 | D:3      | Noticed a scorpion
   716 | D:3      | Slain by a scorpion

Illustrated notes

Levels and vault maps discovered:
D:1:      grunt_arrival_lava_bath, layout_basic, basic_ecumenical_altar,
          hangedman_decor_growths
D:2:      layout_basic, serial_undead, serial_undead_a, serial_undead_a,
          serial_undead_b, serial_undead_e, serial_undead_d, serial_undead_d,
          serial_undead_e, serial_undead_a, serial_undead_b, serial_undead_d
D:3:      layout_basic, serial_rivers, chequers_serial_rivers_marsh,
          chequers_serial_rivers_small_3, chequers_serial_rivers_micro_a,
          chequers_serial_rivers_micro_a, chequers_serial_rivers_micro_d,
          kennysheep_decorative_pillar

Skill      XL: |  1  2  3 |
---------------+----------+-----
Dodging        | 3 |  3.2
Shields        | 3 |  3.1
Fighting       | |  4.5
Axes           | |  2.8
Armour         | |  0.6
Stealth        | |  0.4

Action                     |  1- 3 |  4- 6 || total
---------------------------+-------+-------++-------
  Melee: War axe           |    56 |    24 ||    80
         Headbutt          |     6 |     6 ||    12
    Use: Scroll            |     4 |     1 ||     5
         Potion            |     1 |       ||     1
 Armour: Robe              |    79 |    22 ||   101
         Skin              |       |     2 ||     2
  Dodge: Dodged            |    40 |    12 ||    52
  Block: Kite shield       |    55 |    11 ||    66
   Form: Maw               |       |     1 ||     1
